AoeStats
← Vaquero40

Arabia

510347203Analyzed
1v1 RM · 2d ago on Sep 30, 2026· 62m 56s· 2 players
Game mode
Random Map
Map size
Tiny (2 player)
Population
200
Speed
Normal
Resources
Standard
Victory
Conquest
Starting age
Dark Age
Ending age
Imperial Age
RankedLock teamsTeams togetherTeam positionsShared explorationLock speedFull tech treeHidden civsTurbo modeCheats
Victory
Defeat
🇫🇷 Huns · France
567
+13
🇲🇽 Maya · Mexico
505
-13
Vaquero40
0:46 Loom
10:59 Feudal Age
11:55 Double-Bit Axe
14:38 Padded Archer Armor
14:39 Scale Mail Armor
14:48 Fletching
17:46 Padded Archer Armor
18:24 Town Watch
22:10 Forging
27:00 Castle Age
34:20 Bow Saw
34:31 Stone Mining
35:14 Horse Collar
36:13 Bodkin Arrow
39:02 Squires
38:25 Eagle Warrior
39:34 Pikeman
50:01 Imperial Age
47:58 Leather Archer Armor
52:56 Iron Casting
52:38 Chain Mail Armor
*OB1*
3:43 Loom
10:50 Feudal Age
12:08 Wheelbarrow
11:21 Double-Bit Axe
11:28 Gold Mining
15:51 Fletching
16:01 Padded Archer Armor
24:44 Castle Age
22:38 Horse Collar
24:30 Forging
24:26 Scale Barding Armor
26:32 Iron Casting
28:31 Bloodlines
28:21 Husbandry
29:11 Bow Saw
29:12 Heavy Plow
33:28 Hand Cart
35:10 Stone Mining
35:55 Gold Shaft Mining
36:24 Thumb Ring
37:43 Chain Barding Armor
37:19 Bodkin Arrow
37:40 Leather Archer Armor
40:05 Ballistics
49:26 Imperial Age
52:06 Heavy Cavalry Archer
53:12 Parthian Tactics
53:17 Conscription
55:02 Elite Tarkan
57:21 Chemistry
57:25 Blast Furnace
56:25 Bracer
Connection lost

Rejoining the realm…

Still unreachable

The connection could not be restored.

Session expired

The server has moved on; the page needs a fresh start.